Unix NetHack Version 5.0.0-0 post-release - last build May  4 2026 22:22:43 (774f63e81ad911689b3a0859ea89b322d5daca8d,branch:main).

Game began 2026-05-09 09:55:42, ended 2026-05-09 10:44:27.

BSL2425737, chaotic male elven Ranger

                                         ---
                                          ..--
                                          ....--
                                          -. ..----
                                 --     ---.--....--
                            ---  |..  | |..........|
                            |..........G...?.......----
                          -.....G....Y.h...Gh.B..@s.G...-
                         |.............. |.|.d..------  -
                         -...(.......    | --.<--
                      .............         ----
                     -..........
                     |.......
                     ---...
                       --

BSL2425737 the Trailblazer   St:16 Dx:10 Co:14 In:14 Wi:15 Ch:7  Chaotic
Dlvl:7  $:213 HP:0(43) Pw:29(29) AC:5  Xp:6 T:3875 

Latest messages:
 You hit the ape.
 The ape hits!
 The ape hits again!
 The ape just misses!
 You miss the ape.
 The ape hits!
 The ape hits again!
 The ape just misses!
 You hit the ape!
 The ape hits!
 The ape hits again!
 The ape bites!
 You descend the stairs.
 Sirius misses the dwarf.
 You hit the dwarf!
 Sirius misses the dwarf.
 The dwarf hurls a brilliant blue potion!
 The flask crashes on your head and breaks into shards.
 The brilliant blue potion evaporates.
 You yawn.
 You miss the dwarf.
 Sirius misses the dwarf.
 You hit the dwarf.
 Sirius misses the dwarf.
 The dwarf wields a broad pick!
 You kill the dwarf!
 Sirius eats a dwarf corpse.
 You swap places with Sirius.
 There are several objects here.
 The giant spider is caught in a bear trap!
 The giant spider bites!
 You hit the giant spider.
 The giant spider bites!
 The gnome lord throws a dagger!
 The dagger hits the hobbit.
 You miss the giant spider.
 The giant spider bites!
 The hobbit picks up a hooded cloak.
 You hit the giant spider.
 The giant spider bites!
 The hobbit puts on a hooded cloak.
 The gnome lord picks up a dagger.
 You hit the giant spider.
 The giant spider bites!
 You die...
 Do you want your possessions identified? [ynq] (y) n
 Do you want to see your attributes? [ynq] (y) n
 Do you want an account of creatures vanquished? [ynaq] (y) n
 Do you want to see your conduct and achievements? [ynq] (y) n
 Do you want to see the dungeon overview? [ynq] (y) n

Inventory:
 Coins    ('$')
  $ - 213 gold pieces
 Weapons  (')')
  c - 59 +2 elven arrows (in quiver)
  d - 31 +0 elven arrows
  b - a blessed +1 elven bow (alternate weapon; not wielded)
  u - a +0 dart
  a - a +1 elven dagger (weapon in left hand)
  g - a cursed +0 orcish dagger
  q - a cursed rustproof +1 axe
 Armor    ('[')
  r - an uncursed +0 pair of iron shoes (being worn)
  e - an uncursed +2 elven cloak (being worn)
 Comestibles  ('%')
  p - 2 uncursed food rations
  n - an uncursed fortune cookie
 Spellbooks  ('+')
  v - an uncursed spellbook of cure sickness
 Potions  ('!')
  h - an uncursed potion of monster detection
 Rings    ('=')
  m - a cursed ring of polymorph control
 Wands    ('/')
  i - a wand of digging (0:5)
 Tools    ('(')
  t - an uncursed oil lamp

BSL2425737 the Ranger's attributes:

Background:
 You were a Trailblazer, a level 6 male elven Ranger.
 You were chaotic, on a mission for Mars
 who was opposed by Mercury (lawful) and Venus (neutral).
 You were left-handed.
 You were in the Gnomish Mines, on level 7.
 You entered the dungeon 3875 turns ago.
 You had 437 experience points, 203 more were needed to attain level 7.

Basics:
 You had 0 out of 43 hit points.
 You had all 29 energy points (spell power).
 Your armor class was 5.
 Your wallet contained 213 zorkmids.
 Autopickup was off.

Final Characteristics:
 Your strength was 16 (limit:18).
 Your dexterity was 10 (limit:18).
 Your constitution was 14 (limit:16).
 Your intelligence was 14 (limit:20).
 Your wisdom was 15 (limit:20).
 Your charisma was 7 (limit:18).

Final Status:
 You weren't hungry.
 You were unencumbered.
 You were wielding a dagger.
 You were skilled in dagger.

Final Attributes:
 You were piously aligned.
 You were sleep resistant.
 You had automatic searching.
 You had infravision.
 You were stealthy.
 You were warded.
 You are dead.

Miscellaneous:
 You didn't encounter any bones levels.
 Total elapsed playing time was 48 minutes and 42 seconds.

Major events:
 Turn
    1: BSL2425737 the chaotic male elven Ranger entered the dungeon
  864: attained the rank of Lookout (level 3)
 2045: entered the Gnomish Mines
 3301: attained the rank of Trailblazer (level 6)
 3875: killed by a giant spider

You didn't know any spells.

Skills:
 Fighting Skills
   bare handed combat [Unskilled]
   riding             [Unskilled]
 Weapon Skills
   dagger             [Skilled]
   knife              [Unskilled]
   axe                [Unskilled]
   pick-axe           [Unskilled]
   short sword        [Unskilled]
   morning star       [Unskilled]
   flail              [Unskilled]
   hammer             [Unskilled]
   quarterstaff       [Unskilled]
   polearms           [Unskilled]
   spear              [Unskilled]
   trident            [Unskilled]
   bow                [Basic]
   sling              [Unskilled]
   crossbow           [Unskilled]
   dart               [Unskilled]
   shuriken           [Unskilled]
   boomerang          [Unskilled]
   whip               [Unskilled]
 Spellcasting Skills
   healing spells     [Unskilled]
   divination spells  [Unskilled]
   escape spells      [Unskilled]

Voluntary challenges:
 Character rerolling was not enabled.
 You followed a strict vegan diet.
 You never genocided any monsters.
 You never polymorphed an object.
 You never changed form.
 You used no wishes.
Achievements:
 You attained the rank of Lookout.
 You entered the Gnomish Mines.
 You attained the rank of Trailblazer.

 The Dungeons of Doom: levels 1 to 4
    Level 1:
       A fountain.
    Level 2:
       Many fountains, a sink.
    Level 3:
       An altar to Mars, a sink.
    Level 4:
       A fountain.
       Stairs down to The Gnomish Mines.
 The Gnomish Mines: levels 5 to 7
    Level 5:
    Level 6:
    Level 7: <- You were here.
       Final resting place for
          you, killed by a giant spider.


Vanquished creatures:
 an iron piercer
  a dingo
  a water nymph
  7 Uruk-hai
  a rock piercer
  a rock mole
  a pony
  a yellow light
  2 gnome leaders
  a gnomish wizard
  4 elf zombies
  a floating eye
  6 dwarves
  3 hill orcs
  a giant bat
  a coyote
  a gas spore
  a hobbit
  2 large kobolds
  3 cave spiders
  a brown mold
  a yellow mold
  a green mold
 26 gnomes
  3 garter snakes
  4 geckos
  3 jackals
  4 kobolds
  5 goblins
  2 sewer rats
  3 grid bugs
  2 lichens
  4 newts
99 creatures vanquished.

No species were genocided or became extinct.

Game over:
                       ----------
                      /          \
                     /    REST    \
                    /      IN      \
                   /     PEACE      \
                  /                  \
                  |    BSL2425737    |
                  |      213 Au      |
                  |   killed by a    |
                  |   giant spider   |
                  |                  |
                  |                  |
                  |       2026       |
                 *|     *  *  *      | *
        _________)/\\_//(\/(/\)/\//\/|_)_______

Goodbye BSL2425737 the Ranger...

You died in The Gnomish Mines on dungeon level 7 with 2250 points,
and 213 pieces of gold, after 3875 moves.
You were level 6 with a maximum of 43 hit points when you died.

